 Dungeon Crawl Stone Soup version 0.29.0-4-gdea44cf6ec (webtiles) character file.

Game seed: 8237154611800414286

44 qw the Chopper (level 3, 0/23 HPs)
             Began as a Gargoyle Fighter on Sept 10, 2022.
             Slain by Sigmund
             ... wielding a +0 scythe
              (4 damage)
             ... on level 2 of the Dungeon.
             The game lasted 00:00:32 (1372 turns).

qw the Chopper (Gargoyle Fighter)                   Turns: 1372, Time: 00:00:33

Health: 0/23       AC: 10    Str: 21    XL:     3   Next: 60%
Magic:  3/3        EV:  9    Int:  8    God:
Gold:   25         SH:  4    Dex:  9    Spells: 2/2 levels left

rFire   . . .      SeeInvis .   Y - +0 war axe
rCold   . . .      Faith    .   c - +0 buckler
rNeg    + . .      Spirit   .   b - +0 scale mail
rPois   inf        Reflect  .   (no helmet)
rElec   +          Harm     .   (no cloak)
rCorr   .          Rampage  .   (no gloves)
Will    .....                   (no boots)
Stlth   ..........              (no amulet)
HPRegen 0.07/turn               (no ring)
MPRegen 0.08/turn               (no ring)

@: no status effects
A: sickness immunity, AC +3, negative energy resistance 1, electricity
resistance, torment resistance 1, petrification resistance
a: no special abilities


You were on level 2 of the Dungeon.
You visited 1 branch of the dungeon, and saw 2 of its levels.

You collected 25 gold pieces.


Innate Abilities, Weirdness & Mutations

You are immune to sickness and miasma.
Your stone body is resilient. (AC +3)
You are immune to poison.
You resist negative energy. (rN+)
You are resistant to electric shocks. (rElec)
You are resistant to unholy torment.
You are immune to petrification.


   Skills:
 - Level 3.2 Fighting
 + Level 3.5 Axes
 - Level 3.2 Armour
 - Level 3.2 Shields


You had 2 spell levels left.
You didn't know any spells.
Your spell library was empty.

Inventory:

Hand Weapons
 e - a +0 club
 Y - a +0 war axe (weapon)
Armour
 b - a +0 scale mail (worn)
 c - a +0 buckler (worn)
Scrolls
 a - a scroll of identify {unknown}
Potions
 d - a potion of might
 f - a potion of lignification {unknown}
 g - a potion of heal wounds
 i - a potion of magic {unknown}
 j - a potion of mutation {unknown}

Dungeon Overview and Level Annotations

Branches:
Dungeon (2/15)

Altars:

Annotations:
D:2 Sigmund


Message History

You barely miss the kobold.
The kobold hits you but does no damage. x2
You barely miss the kobold. The kobold hits you but does no damage.
You slash the kobold!
You kill the kobold!
Sigmund the Dreaded comes into view.
He is wielding a +0 scythe.
Found a potion of heal wounds and a scroll labelled CAS UWUMAGH.
Sigmund shouts!
Sigmund laughs darkly.
Found a ring mail.
Sigmund mumbles some strange words.
Sigmund flickers and vanishes!
Deactivating autopickup; reactivate with Ctrl-A.
You swing at nothing.
You swing at nothing.
A ball python comes into view.
You block something's attack.
Found a fizzy ruby potion.
The ball python hisses angrily.
You hear some strange, mumbled words.
Something tries to affect you, but you resist.
The ball python bites you but does no damage.
The ball python grabs you. The ball python constricts you.
You barely miss the ball python. The ball python bites you.
The ball python constricts you.
A magic dart appears from out of thin air!
The magic dart hits you but does no damage.
The ball python bites you. The ball python constricts you.
You barely miss the ball python. Something hits you.
The ball python bites you but does no damage.
The ball python constricts you.
You slash the ball python!
You kill the ball python!
Something hits you!
You swing at nothing.
Something hits you.
You swing at nothing.
Something hits you.
You die...

##### #...#
##########...# ## .
#.......##...# #..
...#.......##...# #.#
...[.......##...# #.##
......%@.?.##...# ##.#.
##.~!..........)####...#
#.~~.~{...##......#.#..
#!.~~~~...#######>.....
#...~.~!..# ###....
#........?# #.#.#
######...## #.#.# #####
#.... ##...


There were no monsters in sight!

Vanquished Creatures
  An adder (D:2)
  A dart slug (D:1)
  6 bats (D:1)
  5 endoplasms (D:1)
  A giant cockroach (D:1)
  2 goblins (D:1)
  A hobgoblin (D:1)
  A quokka (D:1)
  5 ball pythons
  2 frilled lizards (D:1)
  4 kobolds
  3 rats (D:1)
32 creatures vanquished.

Notes
Turn   | Place    | Note
-------+----------+-------------------------------------------
     0 | D:1      | qw the Gargoyle Fighter began the quest for the Orb.
     0 | D:1      | Reached XP level 1. HP: 14/14 MP: 1/1
     0 | D:1      | 0 ||| qw: Version: 0.1-a-116-g5d60599
     0 | D:1      | 0 ||| qw: Game counter: 7648
     0 | D:1      | 0 ||| qw: Always use a shield: true
     0 | D:1      | 0 ||| qw: God list: Okawaru
     0 | D:1      | 0 ||| qw: Allow faded altars: false
     0 | D:1      | 0 ||| qw: Do Orc after D:15 true
     0 | D:1      | 0 ||| qw: Do second Lair branch before Depths: true
     0 | D:1      | 0 ||| qw: Lair rune preference: random
     0 | D:1      | 0 ||| qw: Plans: Normal, Zot, God:TSO, Crypt, Tomb, Zig,
                  | Orb
     0 | D:1      | 0 ||| PLANNING D:1-11
    20 | D:1      | 20 ||| Stepping ~*~*~tactically~*~*~ (stealth).
    33 | D:1      | 33 ||| Stepping ~*~*~tactically~*~*~ (stealth).
    47 | D:1      | 47 ||| Stepping ~*~*~tactically~*~*~ (hiding).
    56 | D:1      | Reached XP level 2. HP: 19/19 MP: 2/2
   263 | D:1      | 263 ||| Stepping ~*~*~tactically~*~*~ (stealth).
   495 | D:1      | HP: 3/19 [frozen (2)]
   797 | D:1      | Reached skill level 3 in Axes
   864 | D:1      | Reached XP level 3. HP: 19/23 MP: 3/3
  1154 | D:1      | 1154 ||| DROPPING ring of magical power.
  1155 | D:1      | 1155 ||| READING scroll labelled OWNUN POCHE.
  1256 | D:1      | 1256 ||| READING scroll labelled VEYSEI PUFATT.
  1257 | D:1      | 1257 ||| READING scroll labelled BAGGEM QULI.
  1258 | D:1      | 1258 ||| DRINKING 2 emerald potions.
  1361 | D:2      | Noticed Sigmund
  1371 | D:2      | HP: 4/23 [something (6)]
  1372 | D:2      | Slain by Sigmund

Levels and vault maps discovered:
D:1:      dpeg_arrival_simpleton_b, layout_basic
D:2:      layout_basic, shapermc_ecumenical_altar_mp_urbaneastern,
          kennysheep_cross_room, dk_vineyard_3, minivault_26,
          due_unseen_surprise, uniq_jessica, uniq_sigmund

Skill      XL: |  1  2 |
---------------+-------+-----
Axes           | 2 3 |  3.5
Fighting       | |  3.2
Armour         | |  3.2
Shields        | |  3.2

Action                   || total
-------------------------++-------
Melee: War axe           ||    76
  Use: Scroll            ||     3
       Potion            ||     1
Armor: Scale mail        ||    50
Dodge: Dodged            ||    38
Block: Buckler           ||    14

Table legend:
 A = Non-vault XP
 B = Vault XP
 C = Vault XP percentage of total XP
 D = Non-vault monster count
 E = Vault monster count
 F = Vault count percentage of total count
                 A         B        C        D         E       F
            +---------+---------+-------+---------+---------+-------
      Total |      63 |       0 |   0.0 |      32 |       0 |   0.0
            +---------+---------+-------+---------+---------+-------
        D:1 |      48 |       0 |   0.0 |      29 |       0 |   0.0
        D:2 |      15 |       0 |   0.0 |       3 |       0 |   0.0
            +---------+---------+-------+---------+---------+-------
